 Dungeon Crawl Stone Soup version 0.31.0-32-g396128a36d (webtiles) character file.

Game seed: 7083357353164532216

53110 Doomgape the Tortoise (level 14, -5/81 HPs)
             Began as a Gargoyle Fighter on Mar 27, 2024.
             Was a High Priest of Hepliaklqana.
             Shot with an arrow by Nessos (19 damage)
             ... on level 3 of the Lair of Beasts.
             The game lasted 00:58:57 (14890 turns).

Doomgape the Tortoise (Gargoyle Fighter)           Turns: 14890, Time: 00:58:58

Health: -5/81      AC: 42    Str: 25    XL:     14   Next: 67%
Magic:  14/14      EV:  6    Int:  9    God:    Hepliaklqana [*****.]
Gold:   1339       SH:  4    Dex:  9    Spells: 13/13 levels left

rFire   . . .        v - +1 morningstar (venom)
rCold   . . .        c - +0 buckler
rNeg    + . .        K - +3 crystal plate armour
rPois   ∞            l - +2 helmet
rElec   +            j - scarf {repulsion}
rCorr   +            (no gloves)
SInv    +            (no boots)
Will    .....        h - amulet of regeneration Stlth
                     f - ring of resist corrosion
HPRegen 1.13/turn    k - ring of see invisible
MPRegen 0.14/turn

%: repel missiles
@: weak-willed, on berserk cooldown, flying, slowed, very slow
A: reduced essence, sickness immunity, AC +10, big wings, negative energy
resistance 1, electricity resistance, torment resistance 1, petrification
resistance, deterioration 1, screaming 1, wild magic 1
a: Renounce Religion, Recall Ancestor, Ancestor Identity, Transference, Idealise


You were on level 3 of the Lair of Beasts.
You worshipped Hepliaklqana.
Hepliaklqana was extremely pleased with you.
You visited 3 branches of the dungeon, and saw 19 of its levels.
You also visited: Gauntlet and Volcano.

You collected 1584 gold pieces.
You spent 245 gold pieces at shops.

Inventory:

Hand Weapons
 v - a +1 morningstar of venom (weapon)
 w - a +4 morningstar
Missiles
 p - 11 silver javelins (quivered)
 B - 4 throwing nets
Armour
 c - a +0 buckler (worn)
 j - a scarf of repulsion (worn)
 l - a +2 helmet (worn)
 K - a +3 crystal plate armour (worn)
Jewellery
 e - a ring of protection from fire
 f - a ring of resist corrosion (left hand)
 h - an amulet of regeneration (around neck)
 k - a ring of see invisible (right hand)
 n - the ring of Ynoot {Wiz rElec Will+}
   (You found it in a Gauntlet)

   [ring of wizardry]

   Wiz:       It improves your spell success rate.
   rElec:     It insulates you from electricity.
   Will+:     It increases your willpower.
Wands
 s - a wand of digging (1)
 u - a wand of light (5)
 y - a wand of polymorph (2)
 z - a wand of flame (55)
 E - a wand of charming (15)
 I - a wand of iceblast (7)
 M - a wand of mindburst (8)
Scrolls
 a - 4 scrolls of fear
 b - a scroll of butterflies
 d - 2 scrolls of immolation
 g - 13 scrolls of identify
 o - 2 scrolls of teleportation
 x - 4 scrolls of amnesia
 D - 2 scrolls of fog
 G - 3 scrolls of enchant weapon
 H - a scroll of vulnerability
 N - 2 scrolls of revelation
 O - a scroll of poison
Potions
 i - 7 potions of enlightenment
 m - 2 potions of curing
 q - 2 potions of magic
 r - 2 potions of mutation
 t - a potion of invisibility {unknown}
 A - a potion of berserk rage
 F - 4 potions of lignification
Miscellaneous
 C - a phantom mirror
 P - a lightning rod (4/4)


   Skills:
 - Level 11.0 Fighting
 + Level 16.4 Maces & Flails
 + Level 18.0 Armour
 - Level 5.2 Shields


You had 13 spell levels left.
You didn't know any spells.
Your spell library contained the following spells:

 Spells                   Type           Power      Damage    Failure   Level
 Magic Dart               Conj           0%         1d3       100%        1
 Slow                     Hex            0%         N/A       100%        1
 Searing Ray              Conj           0%         2d4       100%        2
 Call Canine Familiar     Summ           0%         N/A       100%        3
 Confusing Touch          Hex            0%         N/A       100%        3
 Sigil of Binding         Hex            0%         N/A       100%        3
 Vampiric Draining        Necr           0%         2d6       100%        3
 Cause Fear               Hex            0%         N/A       100%        4
 Dimensional Bullseye     Hex/Tloc       0%         N/A       100%        4
 Fulminant Prism          Conj/Alch      0%         3d5       100%        4
 Leda's Liquefaction      Alch/Erth      0%         N/A       100%        4
 Passage of Golubria      Tloc           0%         N/A       100%        4
 Vhi's Electric Charge    Tloc/Air       0%         N/A       100%        4
 Alistair's Intoxication  Alch           0%         N/A       100%        5
 Arcjolt                  Conj/Air       0%         1d10      100%        5
 Borgnjor's Vile Clutch   Necr/Erth      0%         N/A       100%        5
 Fireball                 Conj/Fire      0%         3d3       100%        5
 Lee's Rapid Deconstruct  Erth           0%         3d4*      100%        5
 Silence                  Hex/Air        0%         N/A       100%        5
 Bombard                  Conj/Erth      0%         9d1       100%        6
 Eringya's Noxious Bog    Alch           0%         4d6       100%        6
 Plasma Beam              Fire/Air       0%         2x1d10    100%        6
 Lehudib's Crystal Spear  Conj/Erth      0%         10d2      100%        8
 Dragon's Call            Summ           0%         N/A       100%        9


Dungeon Overview and Level Annotations

Branches:
Dungeon (15/15)            Temple (1/1) D:4            Lair (3/5) D:9
  Swamp (0/4) Lair:2          Orc (0/2) D:10         Depths (0/4) D:15
Volcano (visited)         Gauntlet (visited)
  Snake: Lair:2-3    Spider: Lair:2-3    Vaults: D:13-14

Altars:
Ashenzari
Cheibriados
Dithmenos
Elyvilon
Fedhas
Gozag
Hepliaklqana
Kikubaaqudgha
Makhleb
Nemelex Xobeh
Okawaru
Qazlal
Ru
Sif Muna
Trog
Uskayaw
Vehumet
Wu Jian
Xom
Yredelemnul
Zin
The Shining One

Shops:
D:5 *   D:8 *(([   D:13 !

Portals:
Trove: D:14 (give 12 potions of heal wounds)

Annotations:
D:7 1 runed translucent door
D:10 1 runed translucent door
D:12 1 runed translucent door, Doomgape's ghost, journeyman GrFi
Lair:3 Nessos


Innate Abilities, Weirdness & Mutations

Your life essence is reduced to manifest your ancestor. (-10% HP)
You are immune to sickness and miasma.
Your stone body is resilient. (AC +10)
You are immune to poison.
Your large and strong wings let you fly.
You resist negative energy. (rN+)
You are resistant to electric shocks. (rElec)
You are resistant to unholy torment.
You are immune to petrification.
Your body sometimes deteriorates upon taking damage.
You occasionally shout uncontrollably at your foes.
Your spells are a little harder to cast, but a little more powerful.


Message History

Anna hits the wolf with a +0 quarterstaff!
Unknown command.
You barely miss the wolf.
The wolf is heavily wounded.
Nessos gestures wildly while chanting.
Nessos blinks!
The wolf bites you but does no damage. x2
Unknown command.
You bludgeon the wolf!!
You kill the wolf!
The wolf bites you but does no damage.
Anna hits the wolf with a +0 quarterstaff!!
The wolf dies!
Your Armour skill increases to level 18!
Nessos intently looks at you, slowly moving their tail.
Nessos mumbles some strange words.
Nessos blinks!
Things that are here:
a +0 club; a +0 sling; a faun corpse Unknown command.
You feel a strong urge to attack something.
Nessos says, "I'll learn you. I'll learn you yet!"
Nessos shoots an arrow.
The arrow hits you but does no damage.
Nessos shoots an arrow.
The arrow hits you.
* * * LOW HITPOINT WARNING * * *
The arrow burns you.
* * * LOW HITPOINT WARNING * * *
Anna points at Nessos and mumbles some strange words.
The stone arrow hits Nessos!!
Unknown command.
You are no longer berserk.
You are exhausted.
You feel yourself slow down.
The boulder beetle curls into a ball and begins rolling!
Unknown command.
You hit Nessos.
Nessos is poisoned.
Nessos is moderately wounded.
Nessos gestures wildly while chanting.
Nessos blinks!
Nessos shoots an arrow.
The arrow hits you but does no damage.
Nessos shoots an arrow.
The arrow hits you!!
You die...

#...♣...♣...
♣.♣...P....♣.
♣♣♣.....PP....♣
##........○.....
#.♣P.....B.....P
.#.P......8......
#......8.^...8...
♣....P.)........
..(......@......P
......8R.§!...8..
...P......P.....P
.....P........P..
#P♣....8.....8...
#.P......P8......
#♣♣...cP.?......
P......P...P..


You could see the friendly Anna the battlemage, a boulder beetle (rolling) and
Nessos (fast, very poisoned, ally target).

Vanquished Creatures
  A stone giant (D:15)
  Azrael (D:15)
  A minotaur (Gauntlet)
  A fire dragon (Volcano)
  A hydra (D:15)
  2 rakshasas
  A catoblepas (Gauntlet)
  Erica (D:8)
  An ogre mage (D:14)
  4 centaur warriors
  4 two-headed ogres
  2 tengu warriors (D:15)
  3 boulder beetles
  A fire crab (Volcano)
  A death drake (Gauntlet)
  Pikel (D:8)
  2 bog bodies (Lair:2)
  An orc knight (D:14)
  2 cyclopes
  A deep elf pyromancer (D:12)
  A wolf spider zombie (Gauntlet)
  4 ugly things
  A spectral centaur (Gauntlet)
  5 manticores
  A faun (Lair:3)
  6 elephants
  2 black mambas
  2 cane toads
  An unseen horror (D:11)
  2 yaktaurs
  3 komodo dragons
  Psyche (D:8)
  2 trolls
  A hornet (D:11)
  A slime creature (D:12)
  A vampire (D:12)
  3 wyverns
  A hog (D:14)
  A warg (D:10)
  10 fire bats (Volcano)
  18 yaks
  5 vampire mosquitoes
  A human (shapeshifter) (D:15)
  A basilisk (Lair:2)
  A steam dragon (D:9)
  Grum (D:8)
  6 water moccasins
  6 hell hounds
  Duvessa (D:7)
  3 ice beasts
  3 orc warriors
  4 wolves
  2 laughing skulls (D:14)
  6 centaurs
  2 ogres (D:5)
  A phantom (D:5)
  4 lemures (D:8)
  2 kobold brigands (D:14)
  6 bullfrogs
  2 gnoll sergeants
  9 scorpions
  11 wights
  Dowan (D:7)
  12 killer bees
  An electric eel (Lair:2)
  8 howler monkeys
  A bombardier beetle (D:5)
  3 lava snakes (Volcano)
  A gnoll bouda (D:5)
  A hound (D:4)
  A jelly (D:5)
  4 orc priests
  A sleepcap (D:8)
  7 iguanas
  5 orc wizards
  10 gnolls
  7 adders
  2 ufetubi (D:7)
  3 dart slugs
  2 ribbon worms
  26 orcs
  8 endoplasms
  8 giant cockroaches
  2 goblins (D:1)
  8 hobgoblins
  6 quokkas
  8 ball pythons
  7 bats
  A frilled lizard (D:1)
  6 kobolds
  8 rats
334 creatures vanquished.

Vanquished Creatures (collateral kills)
  Kirke (D:14)
  Harold (Lair:2)
  A hydra (D:13)
  A two-headed ogre (D:14)
  Sonja (Lair:2)
  2 ugly things
  4 elephants
  A black mamba (Lair:2)
  2 cane toads (Lair:1)
  2 gargoyles (Gauntlet)
  A komodo dragon (Lair:1)
  A rime drake (Lair:1)
  A kobold demonologist (D:11)
  3 trolls
  3 slime creatures (D:12)
  3 hogs (D:14)
  A yak (D:11)
  4 vampire mosquitoes
  A fire bat (Volcano)
  2 hell hounds (D:15)
  An acid dragon (D:11)
  4 water moccasins
  3 centaurs (D:13)
  A boggart (D:14)
  3 wolves (Lair:3)
  An ogre (D:14)
  2 kobold brigands (D:14)
  A gnoll sergeant (D:12)
  2 bullfrogs
  A scorpion (Lair:1)
  A killer bee (D:10)
  3 lava snakes (Volcano)
  An orc priest (D:14)
  An orc wizard (D:14)
  3 gnolls (D:12)
  A shadow imp (Gauntlet)
65 creatures vanquished.

Vanquished Creatures (others)
  A human (D:14)
  10 battlemagi
  An orc priest (D:14)
12 creatures vanquished.

Grand Total: 411 creatures vanquished

Notes
Turn   | Place    | Note
-------+----------+-------------------------------------------
     0 | D:1      | Doomgape the Gargoyle Fighter began the quest for the Orb.
     0 | D:1      | Reached XP level 1. HP: 14/14 MP: 1/1
   135 | D:1      | Reached XP level 2. HP: 19/19 MP: 2/2
   458 | D:1      | Reached XP level 3. HP: 23/23 MP: 3/3
  1193 | D:2      | Reached XP level 4. HP: 29/29 MP: 4/4
  1537 | D:3      | Found an iron altar of Okawaru.
  1640 | D:3      | Found a white marble altar of Elyvilon.
  1640 | D:3      | Found a broken altar of Ashenzari.
  1685 | D:3      | Found a stormy altar of Qazlal.
  1701 | D:3      | Reached skill level 4 in Armour
  1740 | D:3      | Found an opulent altar of Gozag.
  1788 | D:3      | Found a glowing silver altar of Zin.
  1803 | D:3      | Reached XP level 5. HP: 33/33 MP: 5/5
  1812 | D:3      | Found a sparkling altar of Nemelex Xobeh.
  2081 | D:4      | Found a staircase to the Ecumenical Temple.
  2093 | Temple   | Entered the Ecumenical Temple
  2270 | D:4      | Found a hazy altar of Hepliaklqana.
  2437 | D:4      | Reached XP level 6. HP: 39/39 MP: 6/6
  2906 | D:5      | Entered Level 5 of the Dungeon
  3075 | D:5      | Reached skill level 5 in Fighting
  3075 | D:5      | Reached skill level 5 in Shields
  3112 | D:5      | Reached skill level 5 in Armour
  3112 | D:5      | Reached XP level 7. HP: 42/44 MP: 7/7
  3122 | D:5      | Found Folloost's Neck Hole.
  3167 | D:5      | Bought a scarf of repulsion for 168 gold pieces
  3304 | D:5      | Reached skill level 5 in Maces & Flails
  3304 | D:5      | Reached skill level 6 in Armour
  3304 | D:5      | Reached XP level 8. HP: 51/51 MP: 8/8
  3694 | D:6      | Reached skill level 7 in Armour
  3774 | D:6      | Found a glowing golden altar of the Shining One.
  4013 | D:6      | Found a bloodstained altar of Trog.
  4257 | D:7      | Found a burning altar of Makhleb.
  4298 | D:7      | Reached XP level 9. HP: 57/57 MP: 9/9
  4322 | D:7      | Found a shadowy altar of Dithmenos.
  4737 | D:7      | Noticed Duvessa
  4740 | D:7      | Noticed Dowan
  4748 | D:7      | Killed Duvessa
  4763 | D:7      | Killed Dowan
  4841 | D:7      | Found a runed translucent door.
  4843 | D:7      | Found a runed translucent door.
  4908 | D:7      | Reached skill level 8 in Armour
  5264 | D:8      | Found Bafa's Weapon Shoppe.
  5329 | D:8      | Found Him Dok's Weapon Shoppe.
  5385 | D:8      | Found Opeqigg's General Store.
  5392 | D:8      | Bought a scroll of identify for 26 gold pieces
  5393 | D:8      | Noticed Grum
  5409 | D:8      | Killed Grum
  5542 | D:8      | Noticed Psyche
  5551 | D:8      | Killed Psyche
  5552 | D:8      | Reached skill level 9 in Armour
  5590 | D:8      | Noticed Erica
  5596 | D:8      | Reached XP level 10. HP: 66/66 MP: 10/10
  5632 | D:8      | Noticed Pikel
  5640 | D:8      | Killed Pikel
  5655 | D:8      | Killed Erica
  5742 | D:8      | Found Ygoch's Antique Armour Shop.
  5868 | D:4      | Became a worshipper of Hepliaklqana the Forgotten
  6203 | D:9      | Reached skill level 10 in Fighting
  6271 | D:9      | Reached skill level 10 in Armour
  6287 | D:9      | Noticed a cyan ugly thing
  6288 | D:9      | Noticed a two-headed ogre
  6304 | D:9      | Killed a cyan ugly thing
  6314 | D:9      | Killed a two-headed ogre
  6665 | D:9      | Reached XP level 11. HP: 73/73 MP: 11/11
  6701 | D:9      | Found a staircase to the Lair.
  6707 | D:9      | Reached * piety under Hepliaklqana
  7277 | D:10     | Entered Level 10 of the Dungeon
  7292 | D:10     | Gained mutation: You occasionally shout uncontrollably at
                  | your foes. [potion of mutation]
  7293 | D:10     | Lost mutation: You occasionally shout uncontrollably at
                  | your foes. [potion of mutation]
  7293 | D:10     | Gained mutation: You occasionally shout uncontrollably at
                  | your foes. [potion of mutation]
  7293 | D:10     | Gained mutation: Your spells are a little harder to cast,
                  | but a little more powerful. [potion of mutation]
  7293 | D:10     | Gained mutation: Your body sometimes deteriorates upon
                  | taking damage. [potion of mutation]
  7343 | D:10     | Noticed a two-headed ogre
  7352 | D:10     | Killed a two-headed ogre
  7459 | D:10     | Reached skill level 11 in Armour
  7501 | D:10     | Reached skill level 10 in Maces & Flails
  7533 | D:10     | Found a shimmering blue altar of Sif Muna.
  7552 | D:10     | Found a runed translucent door.
  7559 | D:10     | Noticed an anaconda
  7569 | D:10     | Noticed a skyshark
  7569 | D:10     | Noticed a skyshark
  7569 | D:10     | Found the +2 pair of slick slippers {slick, slippery, EV+4}
  7789 | D:10     | Noticed a purple ugly thing
  7790 | D:10     | Found an ancient bone altar of Kikubaaqudgha.
  7953 | D:10     | Found a staircase to the Orcish Mines.
  8110 | D:10     | Killed a purple ugly thing
  8247 | D:11     | Reached ** piety under Hepliaklqana
  8249 | D:11     | Remembered your ancestor Anna as a battlemage
  8500 | D:11     | Reached skill level 12 in Armour
  8528 | D:11     | Noticed a boulder beetle
  8537 | D:11     | Killed a boulder beetle
  8875 | D:11     | Noticed a manticore
  8880 | D:11     | Killed a manticore
  9056 | D:12     | Reached XP level 12. HP: 71/72 MP: 12/12
  9074 | D:12     | Noticed a boulder beetle
  9084 | D:12     | Killed a boulder beetle
  9111 | D:12     | Reached skill level 13 in Armour
  9171 | D:12     | Reached *** piety under Hepliaklqana
  9204 | D:12     | Noticed a boulder beetle
  9218 | D:12     | Found a runed translucent door.
  9218 | D:12     | Killed a boulder beetle
  9228 | D:12     | Noticed Doomgape's ghost (journeyman GrFi)
 10094 | D:13     | Reached **** piety under Hepliaklqana
 10096 | D:13     | Noticed a five-headed hydra
 10102 | D:13     | Killed a five-headed hydra
 10130 | D:13     | Found Waesel's Distillery.
 10139 | D:13     | Bought a potion of curing for 51 gold pieces
 10248 | D:13     | Noticed a centaur warrior
 10277 | D:13     | Killed a centaur warrior
 10280 | D:13     | Reached skill level 14 in Armour
 10468 | D:14     | Noticed Kirke
 10599 | D:14     | Killed Kirke
 10636 | D:14     | Noticed a rakshasa
 10662 | D:14     | Killed a rakshasa
 10742 | D:14     | Noticed a centaur warrior
 10756 | D:14     | Killed a centaur warrior
 10842 | D:14     | Reached XP level 13. HP: 75/75 MP: 13/13
 10916 | D:14     | Reached skill level 15 in Armour
 10919 | D:14     | Found a gate leading to a gauntlet.
 10931 | Gauntlet | Entered a Gauntlet
 10931 | Gauntlet | Found a transporter.
 10931 | Gauntlet | Found a transporter.
 10940 | Gauntlet | Found a transporter.
 10953 | Gauntlet | Found a transporter.
 10969 | Gauntlet | Found a transporter.
 10969 | Gauntlet | Found a transporter.
 10969 | Gauntlet | Found a transporter.
 10972 | Gauntlet | Found a transporter.
 10972 | Gauntlet | Found a transporter.
 11039 | Gauntlet | Found a transporter.
 11079 | Gauntlet | Found a transporter.
 11083 | Gauntlet | Found a runed translucent door.
 11092 | Gauntlet | Found a runed translucent door.
 11096 | Gauntlet | Found a transporter.
 11113 | Gauntlet | Found a transporter.
 11123 | Gauntlet | Found a transporter.
 11284 | Gauntlet | Identified the ring of Ynoot {Wiz rElec Will+}
 11286 | Gauntlet | Identified the ring of Beuzamoe {Ice Stlth+}
 11302 | Gauntlet | Identified the +6 sling "Xunetz" {elec, Int+5 SInv}
 11302 | Gauntlet | Noticed a minotaur
 11314 | Gauntlet | Killed a minotaur
 11365 | D:14     | Found a portal to a secret trove of treasure.
 11717 | D:15     | Entered Level 15 of the Dungeon
 11747 | D:15     | Reached skill level 16 in Armour
 11805 | D:15     | Noticed a rakshasa
 11829 | D:15     | Killed a rakshasa
 12145 | D:15     | Reached ***** piety under Hepliaklqana
 12264 | D:15     | Reached skill level 15 in Maces & Flails
 12455 | D:15     | Noticed Azrael
 12549 | D:15     | Killed Azrael
 12708 | D:15     | Found a staircase to the Depths.
 12708 | D:15     | Noticed a stone giant
 12721 | D:15     | Killed a stone giant
 12722 | D:15     | Gained mutation: Your large and strong wings let you fly.
                  | [Gargoyle growth]
 12722 | D:15     | Reached XP level 14. HP: 69/81 MP: 14/14
 12892 | Lair:1   | Entered Level 1 of the Lair of Beasts
 13213 | Lair:1   | Reached skill level 17 in Armour
 13270 | Lair:1   | Found a dark tunnel.
 13280 | Volcano  | Entered a volcano
 13424 | Volcano  | Found a radiant altar of Vehumet.
 13427 | Volcano  | HP: 3/81 [lava snake/glob of lava (13)]
 13958 | Lair:2   | Noticed Sonja
 13963 | Lair:2   | Killed Sonja
 14017 | Lair:2   | Found a staircase to the Swamp.
 14066 | Lair:2   | Noticed Harold
 14078 | Lair:2   | Killed Harold
 14862 | Lair:3   | Noticed Nessos
 14887 | Lair:3   | Reached skill level 18 in Armour
 14890 | Lair:3   | Shot with an arrow by Nessos

Illustrated notes

Levels and vault maps discovered:
D:1:      dpeg_arrival_tiny_j, layout_basic, moated_statue, minmay_pentomino_x4
D:2:      layout_basic, serial_aquarium, aquarium_bridge_long_joined
          [aquarium_subvault_wall, aquarium_subvault_balcony,
          aquarium_subvault_wall, aquarium_subvault_wall,
          aquarium_subvault_window, aquarium_subvault_bridge],
          aquarium_window_1, aquarium_window_1, aquarium_window_3,
          aquarium_window_1, aquarium_view_2b
D:3:      layout_rooms, pdpol_temple_overflow_zin_treasury_gozag_greed,
          okawaru_trees_2, gammafunk_temple_overflow_statue,
          nemelex_diamond_rough_becter, nicolae_qazlal_eye_of_the_storm
D:4:      layout_basic, nicolae_hepliaklqana_hazy_memory, temple_pool_b,
          minmay_misc_feat_cross, serial_bayou_pond_e, st_stairs_7,
          minmay_circle_x
D:5:      minmay_spotlight, layout_rooms, nicolae_shop_sticking_my_neck_out
D:6:      layout_rooms, nicolae_tso_carved_into_rock,
          mainiacjoe_overflow_six_doors_small
D:7:      lemuel_insect_pit, layout_basic, mainiacjoe_overflow_catch_the_wave,
          bh_walls_and_bars, uniq_duvessa
D:8:      layout_loops_ring, serial_shops, nicolae_shop_stone,
          nicolae_shop_just_a_little_nook, shop,
          nicolae_shop_temple_entry_statues_fountains, uniq_psyche, uniq_erica,
          uniq_grum, uniq_pikel
D:9:      layout_layer_cave, lair_entry_dummy
D:10:     layout_roguey, mainiacjoe_overflow_brackets, lemuel_tele_altar,
          david_orc_1_choice, nicolae_guarded_unrand_slippers
D:11:     layout_irregular_city, kennysheep_generic_room_5
D:12:     layout_big_octagon, serial_co_window_serial, co_window_corner_a,
          co_window_corner_a, co_window_cross_1, co_window_paths_a,
          co_window_corner_a, co_window_of_opportunity_c, co_window_broadway_b,
          co_window_broadway_b, co_window_of_opportunity_b, co_window_4corner_a,
          glass_columns_a, glass_columns_b, glass_columns_c, glass_columns_b,
          glass_columns_c, ebering_ghost_reflecting_pool
D:13:     layout_long_grid, serial_shops, shop
D:14:     layout_long_grid, hangedman_vaults_entry_quadrant_bands,
          hangedman_abyss_or_decor_passed, serial_glass, glass_columns_b,
          glass_columns_b, glass_columns_a, glass_columns_a, glass_columns_b,
          glass_columns_b, glass_columns_a, glass_columns_c,
          gauntlet_entry_generic, nicolae_trove_entry_free_sample, uniq_kirke
D:15:     grunt_enter_depths_snipers, layout_loops_ring, minmay_misc_feat_chi,
          grunt_decor_junction, uniq_azrael
Temple:   hellmonk_temple_flake
Lair:1:   layout_roguey, lightli_volcano_entry_magma_tube
Lair:2:   layout_loops_ring, skrybe_swamp_entry_bodies, minivault_24,
          chequers_serial_rivers_micro_d, cheibrodos_lair_caveside_slide,
          uniq_sonja, uniq_harold
Lair:3:   beast_lair_carwin_large_4, layout_loops_ring,
          nicolae_spider_entry_lesser_pyramids,
          gammafunk_ghost_berserking_beasts, grunt_forest_large_clearings,
          lemuel_fruit_tree, uniq_nessos

Skill      XL: |  1  2  3  4  5  6  7  8  9 10 11 12 13 14 |
---------------+-------------------------------------------+-----
Fighting       | 4 5 6 7 9 10 11 | 11.0
Shields        | 4 5 |  5.2
Armour         | 4 5 6 7 9 10 12 14 16 18 | 18.0
Maces & Flails | 3 4 5 6 7 9 11 13 15 16 | 16.4

Action                     |  1- 3 |  4- 6 |  7- 9 | 10-12 | 13-15 || total
---------------------------+-------+-------+-------+-------+-------++-------
  Melee: Flail             |   125 |    51 |       |       |       ||   176
         Morningstar       |       |   155 |   255 |   452 |   514 ||  1376
         Unarmed           |       |       |       |     9 |       ||     9
 Invoke: Ancestor Life: Ba |       |       |       |     1 |       ||     1
         Ancestor Identity |       |       |       |     1 |       ||     1
         Recall Ancestor   |       |       |       |       |     1 ||     1
  Evoke: Wand              |       |       |       |     5 |     3 ||     8
    Use: Scroll            |     1 |     9 |     4 |    12 |     5 ||    31
         Potion            |       |       |     3 |     5 |    13 ||    21
   Stab: Distracted        |       |       |       |     5 |     5 ||    10
         Invisible         |       |       |       |     1 |       ||     1
 Armour: Scale mail        |   121 |   153 |       |       |       ||   274
         Chain mail        |       |    33 |    41 |       |       ||    74
         Plate armour      |       |       |   224 |   210 |       ||   434
         Crystal plate arm |       |       |       |   313 |   693 ||  1006
         Skin              |       |       |       |     8 |       ||     8
  Dodge: Dodged            |    83 |   111 |   105 |   153 |   159 ||   611
         Repelled          |       |       |     2 |     2 |     6 ||    10
  Block: Buckler           |    36 |    42 |    51 |   116 |   108 ||   353
